 Dungeon Crawl Stone Soup version 0.32-a0-17-gb74e046682 (webtiles) character file.

Game seed: 6944570265924005143

95998 Zonian the Summoner (level 15, -4/72 HPs)
             Began as a Felid Summoner on Jan 14, 2024.
             Was a High Priest of Kikubaaqudgha.
             Slain by a demonic crawler (11 damage)
             ... on level 1 of the Spider Nest on Jan 15, 2024.
             The game lasted 03:52:50 (51622 turns).

Zonian the Summoner (Felid Summoner)               Turns: 51622, Time: 03:52:50

Health: -4/72      AC:  3    Str:  4    XL:     15   Next: 68%
Magic:  25/39      EV: 21    Int: 24    God:    Kikubaaqudgha [*****.]
Gold:   561        SH:  5    Dex: 19    Spells: 2/34 levels left
                                        Lives:  0   Deaths: 2

rFire   . . .        (weapon unavailable)
rCold   + . .        (shield unavailable)
rNeg    . . .        (body armour unavailable)
rPois   +            (helmet unavailable)
rElec   .            (cloak unavailable)
rCorr   .            (gloves unavailable)
SInv    +            (boots unavailable)
Will    ++...        o - amulet of reflection
Stlth   +++          n - ring of poison resistance
HPRegen 0.32/turn    E - ring of magical power
MPRegen 0.26/turn

%: reflection
@: inugami summoned
A: very small, claws 1, fangs 3, see invisible, shaggy fur 3, stealthy paws, no
weapons or thrown items, no armour, multi-lived
a: Renounce Religion, Unearth Wretches, Torment


You were on level 1 of the Spider Nest.
You worshipped Kikubaaqudgha.
Kikubaaqudgha was extremely pleased with you.
You visited 4 branches of the dungeon, and saw 23 of its levels.

You collected 1873 gold pieces.
You spent 1312 gold pieces at shops.


Innate Abilities, Weirdness & Mutations

You have sharp claws.
You have razor-sharp teeth.
You have supernaturally acute eyesight. (SInv)
Your thick and shaggy fur keeps you warm. (AC +3, rC+)
Your paws help you pounce on unaware monsters.
You are incapable of wielding weapons or throwing items.
You cannot wear armour.
You gain extra lives every three experience levels.


   Skills:
 + Level 5.3 Fighting
 - Level 6.0 Dodging
 - Level 6.0 Stealth
 + Level 10.2 Spellcasting
 - Level 6.0 Conjurations
 - Level 6.0 Hexes
 - Level 13.5 Summonings
 + Level 10.7 Necromancy
 - Level 6.3 Fire Magic
 - Level 9.4 Air Magic
 + Level 10.4 Earth Magic
 - Level 7.0 Evocations


You had 2 spell levels left.
You knew the following spells:

 Your Spells              Type           Power      Damage    Failure   Level
a - Summon Small Mammal   Summ           100%       N/A       1%          1
b - Call Imp              Summ           100%       N/A       1%          2
c - Call Canine Familiar  Summ           67%        N/A       1%          3
d - Summon Blazeheart Go  Fire/Summ      56%        N/A       1%          4
e - Summon Lightning Spi  Summ/Air       61%        N/A       1%          4
f - Vampiric Draining     Necr           59%        2d10      1%          3
g - Borgnjor's Vile Clut  Necr/Erth      29%        N/A       1%          5
h - Stone Arrow           Conj/Erth      100%       3d13      1%          3
i - Anguish               Hex/Necr       25%        N/A       1%          4
j - Swiftness             Air            55%        N/A       1%          3

Your spell library contained the following spells:

 Spells                   Type           Power      Damage    Failure   Level
 Necrotise                Necr           100%       1d9       1%          1
 Shock                    Conj/Air       100%       1d9       1%          1
 Sting                    Conj/Alch      100%       1d9       1%          1
 Cigotuvi's Dreadful Rot  Necr/Alch/Air  88%        N/A       1%          2
 Jinxbite                 Hex            82%        N/A       1%          2
 Sublimation of Blood     Necr           59%        N/A       1%          2
 Ensorcelled Hibernation  Hex/Ice        52%        N/A       2%          2
 Apportation              Tloc           24%        N/A       5%          1
 Freeze                   Ice            48%        1d6       5%          1
 Lesser Beckoning         Tloc           24%        N/A       8%          2
 Fugue of the Fallen      Necr           59%        N/A       1%          3
 Tukima's Dance           Hex            41%        N/A       1%          3
 Airstrike                Air            27%        2d(4-20)  1%          4
 Dispel Undead            Necr           59%        3d21      1%          4
 Martyr's Knell           Necr/Summ      63%        N/A       1%          4
 Curse of Agony           Necr           59%        N/A       1%          5
 Lee's Rapid Deconstruct  Erth           29%        3d15*     1%          5
 Hailstorm                Conj/Ice       26%        3d7       4%          3
 Petrify                  Alch/Erth      37%        N/A       6%          4
 Frozen Ramparts          Ice            24%        1d4       16%         3
 Gell's Gravitas          Tloc           12%        N/A       16%         3
 Ozocubu's Armour         Ice            12%        N/A       16%         3
 Teleport Other           Tloc           12%        N/A       16%         3
 Iskenderun's Mystic Bla  Conj/Tloc      26%        2d7       16%         4
 Haunt                    Necr/Summ      31%        N/A       30%         7
 Irradiate                Conj/Alch      13%        3d16      38%         5
 Metabolic Englaciation   Hex/Ice        13%        N/A       38%         5
 Yara's Violent Unravell  Hex/Alch       13%        3d7       38%         5
 Enfeeble                 Hex            20%        N/A       98%         7
 Borgnjor's Revivificati  Necr           29%        N/A       99%         8
 Infestation              Necr           29%        N/A       99%         8
 Sculpt Simulacrum        Ice/Alch       6%         N/A       100%        6
 Lehudib's Crystal Spear  Conj/Erth      25%        10d7      100%        8
 Death's Door             Necr           29%        N/A       100%        9
 Animate Armour           Summ/Erth      Unusable   N/A       N/A         4
 Dimensional Bullseye     Hex/Tloc       Unusable   N/A       N/A         4

Inventory:

Jewellery
 c - the amulet of the Skies Above {Faith Fly Int+3}
   (You found it on level 5 of the Lair of Beasts)

   [amulet of faith]

   Faith:     It allows you to gain divine favour quickly.
   Int+3:     It affects your intelligence (+3).
   Fly:       It grants you flight.
 f - an amulet of magic regeneration {@e2}
   (You found it on level 4 of the Lair of Beasts)
 l - a ring of fire
   (You found it on level 4 of the Lair of Beasts)
 n - a ring of poison resistance (left paw)
   (You found it on level 3 of the Dungeon)
 o - an amulet of reflection (around neck)
   (You found it on level 7 of the Dungeon)
 p - a ring of protection from cold
   (You found it on level 5 of the Lair of Beasts)
 q - a ring of flight
   (You found it on level 7 of the Dungeon)
 r - a +4 ring of protection
   (You found it on level 7 of the Dungeon)
 t - a +6 ring of intelligence
   (You found it on level 8 of the Dungeon)
 v - a +6 ring of intelligence
   (You found it on level 9 of the Dungeon)
 E - a ring of magical power (right paw)
   (You took it off a deep elf zephyrmancer on level 11 of the Dungeon)
Wands
 i - a wand of polymorph (15)
   (You took it off Ijyb on level 3 of the Dungeon)
 w - a wand of charming (11)
   (You found it on level 9 of the Dungeon)
 y - a wand of light (2)
   (You took it off Erolcha on level 1 of the Orcish Mines)
 C - a wand of flame (11)
   (You found it on level 2 of the Lair of Beasts)
Scrolls
 b - 3 scrolls of immolation {!r!r}
 g - 5 scrolls of poison {!r}
 x - 2 scrolls of blinking {!r}
 z - 2 scrolls of teleportation {@r4}
 B - 7 scrolls of identify {@r1}
 D - a scroll of vulnerability {!r!r}
Potions
 a - 3 potions of haste {@q3}
 d - 2 potions of curing {@q1}
 e - 5 potions of attraction {!q}
 h - a potion of lignification {!q}
 m - 6 potions of mutation {!q}
 u - 3 potions of might
 F - a potion of berserk rage {!q}
Miscellaneous
 j - a lightning rod (inert)
   (You found it on level 5 of the Dungeon)
 s - a phantom mirror
   (You found it on level 15 of the Dungeon)
 A - a sack of spiders
   (You bought it in a shop on level 14 of the Dungeon)

Dungeon Overview and Level Annotations

Branches:
Dungeon (15/15) Zot: 22629  Temple (0/1) D:5            Lair (5/5) D:8 Zot: 17789
  Swamp (0/4) Lair:2       Spider (1/4) Lair:2 Zot: 5635   Slime (0/5) Lair:4
    Orc (2/2) D:11 Zot: 5518     Elf (0/3) Orc:2        Vaults (0/5) D:13
 Depths (0/4) D:15

Altars:
Elyvilon
Kikubaaqudgha
Makhleb
Nemelex Xobeh
Trog
Uskayaw
Xom

Shops:
D:6 [   D:10 *[([(   D:12 (   D:14 *   Orc:2 *([*

Portals:
Trove: D:15 (give 6 scrolls of fear)

Annotations:
D:4 Sigmund
D:5 Duvessa
D:6 Jeremiah
Lair:1 3 runed translucent doors, Larett's ghost, journeyman GnSu
Lair:2 1 runed translucent door, jjjjhere's ghost, journeyman MfSh
Lair:5 1 runed translucent door, avis's ghost, journeyman FeSh
Orc:1 1 transporter

### ##.## ##.h@#
#..s#######
#.........#
..(...........#
##.............#
#..............
#..........?...
###............
.............


You could see a demonic crawler and a friendly inugami (summoned).


Message History

You regained 2 hp, and now have 32/72 hp.
You regained 2 mp, and now have 35/39 mp.
Unknown command.
Casting: Stone Arrow (safe; 1% risk of failure)
Confirm with . or Enter, or press ? or * to list all spells.
Aiming: Stone Arrow (safe; 1% risk of failure)
Press: ? - help, Shift-Dir - straight line, f - tarantella
Aim: a tarantella (lightly wounded, ally target, 66% to hit)
The stone arrow hits the tarantella!
The tarantella misses you.
Your inugami barely misses the tarantella. 😨 MP[-3]
You lost 3 mp, and now have 32/39 mp.
Unknown command.
Casting: Stone Arrow (safe; 1% risk of failure)
Confirm with . or Enter, or press ? or * to list all spells.
Aiming: Stone Arrow (safe; 1% risk of failure)
Press: ? - help, Shift-Dir - straight line, f/p - tarantella
Aim: a tarantella (severely wounded, ally target, 66% to hit)
The stone arrow hits the tarantella!
The tarantella is healed somewhat.
You block the tarantella's attack. The tarantella closely misses you.
Your inugami hits the tarantella! 😨 MP[-3]
You lost 3 mp, and now have 29/39 mp.
Unknown command.
Casting: Stone Arrow (safe; 1% risk of failure)
Confirm with . or Enter, or press ? or * to list all spells.
Aiming: Stone Arrow (safe; 1% risk of failure)
Press: ? - help, Shift-Dir - straight line, f/p - tarantella
Aim: a tarantella (almost dead, not watching you, ally target, 66% to hit)
The stone arrow hits the tarantella!
You kill the tarantella!
Kikubaaqudgha accepts your kill.
Your inugami misses the tarantella. 😨 HP[+1] MP[-2]
You lost 2 mp, and now have 27/39 mp.
Unknown command.
Casting: Stone Arrow (safe; 1% risk of failure)
Confirm with . or Enter, or press ? or * to list all spells.
Aiming: Stone Arrow (safe; 1% risk of failure)
Press: ? - help, Shift-Dir - straight line, f - tarantella
Aim: a tarantella (ally target, 66% to hit)
The stone arrow hits the tarantella!
The tarantella touches you.
* * * LOW HITPOINT WARNING * * *
The tarantella closely misses you.
Your inugami completely misses the tarantella. 😨 HP[-1] MP[-3]
You take 1 damage, and now have 32/72 hp.
You lost 3 mp, and now have 24/39 mp.
Unknown command.
Casting: Stone Arrow (safe; 1% risk of failure)
Confirm with . or Enter, or press ? or * to list all spells.
Aiming: Stone Arrow (safe; 1% risk of failure)
Press: ? - help, Shift-Dir - straight line, f/p - tarantella
Aim: a tarantella (heavily wounded, ally target, 66% to hit)
The stone arrow hits the tarantella!
The tarantella touches you!
* * * LOW HITPOINT WARNING * * *
Your inugami hits the tarantella.
The tarantella dies!
Kikubaaqudgha accepts your kill. 😱 HP[-16] MP[-3]
You take 16 damage, and now have 16/72 hp.
MASSIVE DAMAGE!! (PAUSE)
You lost 3 mp, and now have 21/39 mp.
The culicivora bites your inugami but does no damage.
Your inugami hits the culicivora. 😱 HP[+1] Unknown command.
The culicivora completely misses your inugami.
Your inugami misses the culicivora. 😱 MP[+1] Unknown command.
The culicivora bites your inugami.
The culicivora completely misses your inugami.
Your inugami barely misses the culicivora.
The culicivora bites your inugami!!
Your inugami hits the culicivora! 😱 HP[+1]
Casting: Stone Arrow (safe; 1% risk of failure)
Confirm with . or Enter, or press ? or * to list all spells.
You imbue your familiar with magical energy and its fangs glint viciously.
The culicivora bites your inugami!
The culicivora barely misses your inugami.
Your inugami hits the culicivora! x2 😱 MP[-3]
You lost 3 mp, and now have 19/39 mp.
Unknown command.
The culicivora barely misses your inugami.
Your inugami hits the culicivora!
The culicivora dies!
Kikubaaqudgha accepts your kill. 😱 MP[+1] Unknown command.
Unknown command.
You start resting.
The demonic crawler hits you.
* * * LOW HITPOINT WARNING * * *
The demonic crawler hits you!
* * * LOW HITPOINT WARNING * * *
The demonic crawler hits you!
You die...
Kikubaaqudgha rasps: "You have failed me!
Welcome... death!"

Skill      XL: |  1  2  3  4  5  6  7  8  9 10 11 12 13 14 15 |
---------------+----------------------------------------------+-----
Summonings     | 5 6 7 8 9 10 11 12 13 | 13.5
Dodging        | 3 4 5 6 |  6.0
Stealth        | 3 4 5 6 |  6.0
Spellcasting   | 3 4 5 6 7 8 9 10 | 10.2
Fire Magic     | 1 2 4 6 |  6.3
Air Magic      | 3 5 6 8 9 |  9.4
Necromancy     | 4 7 8 9 10 | 10.7
Evocations     | 4 6 7 |  7.0
Earth Magic    | 3 8 9 10 | 10.4
Conjurations   | 2 5 6 |  6.0
Hexes          | 6 |  6.0
Fighting       | 3 5 |  5.3

Action                     |  1- 3 |  4- 6 |  7- 9 | 10-12 | 13-15 || total
---------------------------+-------+-------+-------+-------+-------++-------
  Melee: Unarmed           |    17 |     3 |    28 |    43 |    85 ||   176
         Bite              |       |     1 |     5 |     7 |    18 ||    31
         Punch             |       |       |       |     1 |     1 ||     2
   Cast: Summon Small Mamm |    93 |    59 |    56 |     5 |     4 ||   217
         Call Imp          |     4 |    10 |    29 |     8 |     2 ||    53
         Call Canine Famil |       |    14 |    42 |    78 |   114 ||   248
         Summon Blazeheart |       |       |     4 |    54 |    42 ||   100
         Summon Lightning  |       |       |     2 |    42 |   189 ||   233
         Vampiric Draining |       |       |       |    10 |    29 ||    39
         Borgnjor's Vile C |       |       |       |       |   124 ||   124
         Stone Arrow       |       |       |       |       |   105 ||   105
         Anguish           |       |       |       |       |     7 ||     7
 Invoke: Torment           |       |       |       |       |     3 ||     3
         Receive Forbidden |       |       |       |       |     1 ||     1
         Unearth Wretches  |       |       |       |       |     1 ||     1
  Evoke: Lightning rod     |       |       |     6 |    14 |    24 ||    44
         Wand              |       |       |     4 |    21 |    22 ||    47
    Use: Scroll            |     5 |     4 |     4 |     9 |    19 ||    41
         Potion            |       |     2 |     1 |     1 |    12 ||    16
   Stab: Distracted        |     1 |       |     1 |     3 |     2 ||     7
         Sleeping          |       |     1 |       |       |       ||     1
 Armour: Skin              |     6 |     7 |    21 |    59 |   193 ||   286
  Dodge: Dodged            |    28 |    21 |    36 |   123 |   247 ||   455
  Block: Other             |       |       |     5 |    31 |    57 ||    93
         Reflection        |       |       |       |       |    17 ||    17

Levels and vault maps discovered:
D:1:      minmay_arrival_loop, layout_loops_corners, serial_aquarium,
          aquarium_bridge_island_small [aquarium_subvault_small_open,
          aquarium_subvault_bridge, aquarium_subvault_balcony,
          aquarium_subvault_balcony, aquarium_subvault_bridge],
          aquarium_bridge_straight [aquarium_subvault_bridge,
          aquarium_subvault_balcony, aquarium_subvault_bridge,
          aquarium_subvault_balcony], aquarium_window_2, aquarium_window_1,
          aquarium_window_1, aquarium_view_2f, aquarium_view_2c
D:2:      layout_basic, basic_altar, minmay_shallow_snake_nest
D:3:      layout_rooms, mainiacjoe_overflow_paths,
          amcnicky_mini_corridor_feature, minivault_5, uniq_ijyb
D:4:      layout_loops_ring, uniq_sigmund
D:5:      wander_river, layout_basic, minmay_temple_entry_wispy,
          minmay_checkerbox, uniq_duvessa
D:6:      layout_basic, gammafunk_temple_overflow_statue, serial_shops,
          nicolae_shop_competitors_out_of_business,
          chequers_serial_rivers_micro_a, kennysheep_generic_room_9,
          uniq_blork_the_orc, uniq_jeremiah, uniq_grinder
D:7:      layout_basic, hangedman_decor_push, dreamdust_mushroom_princess
D:8:      layout_loops_ring, general_overflow_altar,
          grunt_lair_entry_orc_guard_hut, uniq_prince_ribbit1
D:9:      layout_cave_pools, mainiacjoe_overflow_chevrons,
          kennysheep_decorative_pillar, minmay_misc_feat_diagonals,
          kennysheep_big_empty_room, nicolae_transporter_circle
D:10:     layout_basic, nicolae_uskayaw_en_pointe, serial_shops,
          nicolae_square_shop, nicolae_inconvenience_store, shop,
          nicolae_lakefront_shop, nicolae_shop_just_a_little_nook
D:11:     minmay_chopped_fan, layout_cave_pools, david_orc_4,
          portal_ice_cave_entry_ice_simulacra
D:12:     layout_cave_pools, serial_shops, shop, uniq_lodul
D:13:     layout_gridville, erik_vaults_1, einodemon_crawler_minivault
D:14:     layout_gridville, serial_park_square3 [serial_park_minivault_5x5_4],
          serial_shops, shop, chequers_avenue, nicolae_fountain_basement
D:15:     grunt_enter_depths_magical_seal, layout_irregular_city, enter_trove_2,
          serial_bayou, serial_bayou_lake_a, serial_bayou_pond_c,
          serial_bayou_shore_a, serial_bayou_lagoon_b, serial_bayou_shore_b,
          serial_bayou_pond_b, minmay_misc_feat_room,
          chequers_serial_rivers_micro_a, small_statue_alley_a, lightli_airlock
Lair:1:   layout_hall_layers, gammafunk_ghost_split, grunt_megastairs_4
Lair:2:   layout_regular_city, swamp_mist, nicolae_spider_entry_lesser_pyramids,
          ebering_ghost_funeral_grove, grunt_megastairs_5,
          infiniplex_staircase_pool
Lair:3:   layout_gridlike, beast_lair_carwin_7
Lair:4:   layout_roguey, minmay_slime_entry_jelly_boxes,
          chequers_serial_rivers_micro_b, grunt_megastairs_3
Lair:5:   gammafunk_lair_ancient_temple, layout_gridlike, ebering_ghost_xom,
          minivault_19, guppyfry_lair_drakes, serial_bayou_shore_b
Spider:1: cheibrodos_forgotten_conduit, hangedman_spider_tarantella_strand
Orc:1:    emtedronai_trogs_sanctum, layout_caves, uniq_erolcha
Orc:2:    grunt_orc_community_town_hall, layout_diamond_mine,
          grunt_orc_community_big_house_2, grunt_orc_community_big_house_2,
          grunt_orc_community_house_1, grunt_orc_community_house_1,
          grunt_orc_community_house_1, grunt_orc_community_house_3,
          grunt_orc_community_house_3, grunt_orc_community_house_3, uniq_sonja

Notes
Turn   | Place    | Note
-------+----------+-------------------------------------------
     0 | D:1      | Zonian the Felid Summoner began the quest for the Orb.
     0 | D:1      | Reached XP level 1. HP: 9/9 MP: 4/4
     0 | D:1      | magus.rc [v1.9.6]
   629 | D:1      | Reached XP level 2. HP: 13/13 MP: 3/6
   665 | D:1      | Learned a level 2 spell: Call Imp
  1303 | D:2      | Reached skill level 5 in Summonings
  1310 | D:2      | Reached XP level 3. HP: 16/16 MP: 4/7
  1686 | D:2      | You pick up a book of Winter and begin reading...
  1686 | D:2      | You add the spells Ozocubu's Armour, Metabolic Englaciation
                  | and Sculpt Simulacrum to your library.
  1709 | D:2      | Identified the +6 trident "Bifunaox" {heavy, ^Drain Fly
                  | rPois rF++}
  2048 | D:1      | Learned a level 3 spell: Call Canine Familiar
  2767 | D:2      | Found an ancient bone altar of Kikubaaqudgha.
  2775 | D:2      | Became a worshipper of Kikubaaqudgha
  2790 | D:2      | You pick up a book of Displacement and begin reading...
  2790 | D:2      | You add the spells Lesser Beckoning, Gell's Gravitas and
                  | Teleport Other to your library.
  2913 | D:2      | Identified the +8 trident of the Changing Genius {holy,
                  | rC++}
  3049 | D:3      | Noticed Ijyb
  3110 | D:3      | Reached skill level 3 in Dodging
  3110 | D:3      | Reached skill level 3 in Stealth
  3110 | D:3      | Reached XP level 4. HP: 21/21 MP: 2/8
  3110 | D:3      | Gained a life (2 lives remaining)
  3421 | D:3      | Killed Ijyb
  3710 | D:3      | Found a white marble altar of Elyvilon.
  3884 | D:3      | Reached XP level 5. HP: 24/24 MP: 9/9
  4333 | D:4      | Noticed Sigmund
  4590 | D:4      | Noticed a sky beast
  4611 | D:4      | Killed a sky beast
  4612 | D:4      | Reached skill level 4 in Stealth
  4612 | D:4      | Reached skill level 6 in Summonings
  4808 | D:4      | Reached skill level 4 in Dodging
  4808 | D:4      | Gained mutation: You are covered in thick fur. (AC +2)
                  | [Felid growth]
  4808 | D:4      | Reached XP level 6. HP: 28/28 MP: 4/11
  4862 | D:4      | Reached skill level 3 in Spellcasting
  5601 | D:5      | Entered Level 5 of the Dungeon
  5608 | D:5      | Found a staircase to the Ecumenical Temple.
  5634 | D:5      | Learned a level 4 spell: Summon Blazeheart Golem
  5797 | D:5      | Noticed Duvessa
  5797 | D:5      | Noticed Dowan
  5846 | D:5      | Noticed an ice beast
  5883 | D:5      | Killed an ice beast
  5884 | D:5      | Reached skill level 5 in Stealth
  6118 | D:5      | Reached skill level 1 in Fire Magic
  6209 | D:5      | Reached XP level 7. HP: 32/32 MP: 9/13
  6299 | D:5      | Reached skill level 5 in Dodging
  7406 | D:5      | Killed Dowan
  7718 | D:6      | Reached skill level 4 in Spellcasting
  7718 | D:6      | Reached skill level 2 in Fire Magic
  7720 | D:6      | Found a bloodstained altar of Trog.
  7720 | D:6      | Found a burning altar of Makhleb.
  7987 | D:6      | Found Jathruc's Antique Armour Boutique.
  8000 | D:6      | You pick up a book of Armaments and begin reading...
  8000 | D:6      | You add the spells Stone Arrow and Lehudib's Crystal Spear
                  | to your library.
  8038 | D:6      | Reached skill level 7 in Summonings
  8038 | D:6      | Reached XP level 8. HP: 36/36 MP: 12/15
  8043 | D:6      | Learned a level 4 spell: Summon Lightning Spire
  8071 | D:6      | Noticed Grinder
  8133 | D:6      | Reached skill level 3 in Fire Magic
  8172 | D:6      | Killed Grinder
  8172 | D:6      | Reached * piety under Kikubaaqudgha
  8172 | D:6      | You add the spells Necrotise, Cigotuvi's Dreadful Rot,
                  | Fugue of the Fallen and Vampiric Draining to your library.
  8172 | D:6      | Received a gift from Kikubaaqudgha
  8173 | D:6      | Reached skill level 1 in Air Magic
  8582 | D:6      | Noticed Jeremiah
  8737 | D:7      | You pick up a book of Frost and begin reading...
  8737 | D:7      | You add the spells Freeze, Frozen Ramparts and Hailstorm to
                  | your library.
  8944 | D:7      | You pick up a book of Weapons and begin reading...
  8944 | D:7      | You add the spells Tukima's Dance and Iskenderun's Mystic
                  | Blast to your library.
  9061 | D:7      | Reached skill level 5 in Spellcasting
  9061 | D:7      | Reached skill level 2 in Air Magic
  9874 | D:7      | Reached skill level 4 in Fire Magic
 10097 | D:8      | Found a sparkling altar of Nemelex Xobeh.
 10291 | D:8      | Noticed Prince Ribbit
 10364 | D:8      | Reached skill level 8 in Summonings
 10364 | D:8      | Reached skill level 3 in Air Magic
 10364 | D:8      | Reached XP level 9. HP: 28/39 MP: 2/18
 10977 | D:8      | Reached skill level 6 in Spellcasting
 11182 | D:8      | Found a staircase to the Lair.
 11182 | D:8      | Noticed an elephant
 11393 | D:8      | Reached skill level 5 in Fire Magic
 11641 | D:8      | Noticed a two-headed ogre
 11749 | D:8      | You pick up a book of Misfortune and begin reading...
 11749 | D:8      | You add the spells Jinxbite, Yara's Violent Unravelling and
                  | Enfeeble to your library.
 11938 | D:8      | Reached skill level 4 in Air Magic
 12095 | D:8      | Killed Prince Ribbit
 12331 | D:8      | Killed an elephant
 12332 | D:8      | Reached skill level 9 in Summonings
 12441 | D:8      | Reached ** piety under Kikubaaqudgha
 12505 | D:8      | Killed a two-headed ogre
 12506 | D:8      | Reached skill level 6 in Fire Magic
 12506 | D:8      | Reached skill level 5 in Air Magic
 12506 | D:8      | Reached XP level 10. HP: 44/44 MP: 11/20
 12687 | D:9      | Reached skill level 1 in Necromancy
 12832 | D:8      | magus.rc [v1.9.6]
 12836 | D:8      | Learned a level 3 spell: Vampiric Draining
 12873 | D:9      | Found a transporter.
 12877 | D:9      | Found a transporter.
 12879 | D:9      | Found a transporter.
 12884 | D:9      | Found a transporter.
 13173 | D:9      | Noticed a two-headed ogre
 13190 | D:9      | Killed a two-headed ogre
 13191 | D:9      | Reached skill level 2 in Necromancy
 13191 | D:9      | Reached skill level 1 in Evocations
 13400 | D:9      | Found an ancient bone altar of Kikubaaqudgha.
 13566 | D:9      | Reached skill level 2 in Evocations
 13856 | D:9      | Noticed a two-headed ogre
 13989 | D:9      | Reached skill level 6 in Air Magic
 14117 | D:9      | Killed a two-headed ogre
 14118 | D:9      | Reached skill level 10 in Summonings
 14118 | D:9      | Reached skill level 3 in Necromancy
 14118 | D:9      | Reached skill level 3 in Evocations
 14438 | D:10     | Entered Level 10 of the Dungeon
 14480 | D:10     | Found Raqemm's Weapon Boutique.
 14637 | D:10     | Noticed a sun demon
 14640 | D:10     | Noticed a sun demon
 14813 | D:10     | Noticed a sixfirhy
 15025 | D:10     | Reached skill level 4 in Evocations
 15038 | D:10     | Reached skill level 4 in Necromancy
 15103 | D:10     | Reached XP level 11. HP: 47/47 MP: 12/21
 16031 | D:10     | Found Bogu Duist's Antique Armour Boutique.
 16090 | D:10     | Noticed a +0 spear
 16091 | D:10     | Noticed a +0 falchion
 16092 | D:10     | Noticed a +0 dagger
 16092 | D:10     | Noticed a +0 short sword
 16093 | D:10     | Noticed a +0 falchion
 16093 | D:10     | Noticed a +0 dagger
 16093 | D:10     | Noticed a +0 spear
 16093 | D:10     | Noticed a +0 short sword
 16099 | D:10     | Found a hide-covered altar of Uskayaw.
 16171 | D:10     | Found Pufipten's Armour Shop.
 16172 | D:10     | Found Niarhaocs's General Store.
 16187 | D:10     | Bought a scroll of blinking for 82 gold pieces
 16187 | D:10     | Bought a wand of iceblast (5) for 132 gold pieces
 16650 | D:10     | Found Emoiphod's Antique Weapon Emporium.
 17026 | D:10     | Reached skill level 7 in Air Magic
 17527 | D:11     | HP: 10/47 [redback (15)]
 17528 | D:11     | Reached skill level 5 in Necromancy
 17650 | D:10     | magus.rc [v1.9.6]
 17758 | Lair:1   | Entered Level 1 of the Lair of Beasts
 18026 | Lair:1   | Found a runed translucent gate.
 18026 | Lair:1   | Found a runed translucent gate.
 18026 | Lair:1   | Found a runed translucent gate.
 18058 | Lair:1   | Noticed Larett's ghost (journeyman GnSu)
 18162 | Lair:1   | Reached *** piety under Kikubaaqudgha
 18162 | Lair:1   | You add the spells Dispel Undead, Martyr's Knell,
                  | Borgnjor's Vile Clutch and Curse of Agony to your library.
 18162 | Lair:1   | Received a gift from Kikubaaqudgha
 18168 | Lair:1   | Reached skill level 11 in Summonings
 18423 | Lair:1   | Reached skill level 6 in Necromancy
 18732 | Lair:1   | Reached skill level 8 in Air Magic
 18742 | Lair:1   | HP: 9/47 [water moccasin (3)]
 19330 | Lair:2   | HP: 9/47 [cane toad (19)]
 19612 | Lair:2   | You pick up a book of Dreams and begin reading...
 19612 | Lair:2   | You add the spells Ensorcelled Hibernation and Anguish to
                  | your library.
 19711 | Lair:2   | Reached skill level 7 in Necromancy
 19897 | Lair:2   | Found a staircase to the Swamp.
 19935 | Lair:2   | Gained mutation: Your thick and shaggy fur keeps you warm.
                  | (AC +3, rC+) [Felid growth]
 19935 | Lair:2   | Reached XP level 12. HP: 43/51 MP: 15/22
 19954 | Lair:2   | Reached skill level 6 in Stealth
 20058 | Lair:2   | Reached skill level 6 in Dodging
 20166 | Lair:2   | Reached skill level 12 in Summonings
 20482 | Lair:2   | Found a hole to the Spider Nest.
 20873 | Lair:2   | Found a runed translucent door.
 20875 | Lair:2   | Noticed jjjjhere's ghost (journeyman MfSh)
 20878 | Lair:2   | Identified the +8 trident "Xouxodd" {heavy, Int+5 Stlth-}
 21317 | Lair:2   | Reached **** piety under Kikubaaqudgha
 21318 | Lair:2   | Reached skill level 9 in Air Magic
 22019 | Lair:3   | Noticed a seven-headed hydra
 22026 | Lair:3   | Killed a seven-headed hydra
 22027 | Lair:3   | Reached skill level 1 in Earth Magic
 22396 | Lair:3   | Reached skill level 8 in Necromancy
 22653 | Lair:3   | Reached skill level 2 in Earth Magic
 23447 | Lair:3   | Noticed an eight-headed hydra
 23452 | Lair:3   | Killed an eight-headed hydra
 23901 | Lair:4   | Noticed an eight-headed hydra
 23909 | Lair:4   | Killed an eight-headed hydra
 23910 | Lair:4   | Reached skill level 7 in Spellcasting
 23910 | Lair:4   | Reached skill level 3 in Earth Magic
 24329 | Lair:4   | Found a staircase to the Slime Pits.
 24790 | Lair:4   | Reached XP level 13. HP: 55/55 MP: 18/24
 24969 | Lair:4   | Reached skill level 5 in Evocations
 25340 | Lair:4   | You add the spells Haunt, Borgnjor's Revivification and
                  | Death's Door to your library.
 25347 | Lair:4   | Learned a level 5 spell: Borgnjor's Vile Clutch
 25355 | Lair:4   | Reached ***** piety under Kikubaaqudgha
 25707 | Lair:4   | Reached skill level 4 in Earth Magic
 25712 | Lair:4   | Reached skill level 13 in Summonings
 26976 | D:11     | Reached skill level 6 in Evocations
 27084 | D:11     | Reached skill level 8 in Spellcasting
 27148 | D:11     | HP: 13/55 [centaur warrior/arrow (26)]
 27151 | D:11     | Reached skill level 5 in Earth Magic
 27278 | D:11     | Noticed a fire dragon
 27509 | D:11     | Killed a fire dragon
 28329 | D:11     | Found a staircase to the Orcish Mines.
 28965 | D:12     | Reached skill level 6 in Earth Magic
 29252 | D:12     | Reached skill level 7 in Earth Magic
 29382 | D:12     | magus.rc [v1.9.6]
 29421 | D:12     | HP: 13/55 [boulder beetle (16)]
 29924 | D:12     | Found Zoemeq's Weapon Shop.
 30520 | D:13     | Learned a level 3 spell: Stone Arrow
 30752 | D:13     | Reached skill level 1 in Conjurations
 30956 | D:13     | HP: 11/55 [spore (22)]
 30958 | D:13     | HP: 5/55 [cloud of flame (4)]
 31035 | D:13     | Reached skill level 8 in Earth Magic
 31168 | D:13     | Found a gate to the Vaults.
 31179 | D:13     | You pick up a book of Iron and begin reading...
 31360 | D:13     | Reached skill level 2 in Conjurations
 31474 | D:13     | Reached XP level 14. HP: 59/59 MP: 27/27
 32277 | D:13     | Reached skill level 3 in Conjurations
 32907 | Orc:1    | Entered Level 1 of the Orcish Mines
 32916 | D:11     | Learned a level 4 spell: Anguish
 33362 | Orc:1    | Found a transporter.
 33514 | Orc:1    | Noticed a stone giant
 33519 | Orc:1    | Found a bloodstained altar of Trog.
 33519 | Orc:1    | Found the necklace of Bloodlust {Fury *Rage Will++ Int-3
                  | Slay+6}
 33543 | Orc:2    | Entered Level 2 of the Orcish Mines
 33587 | Orc:2    | Reached skill level 1 in Hexes
 33885 | Orc:2    | Reached skill level 2 in Hexes
 34376 | Orc:2    | Found a staircase to the Elven Halls.
 34744 | Orc:2    | Noticed an orc warlord
 34898 | Orc:2    | Reached skill level 3 in Hexes
 35354 | Orc:2    | Found Udeugh's General Store.
 35361 | Orc:2    | Bought a book of Air for 308 gold pieces
 35361 | Orc:2    | You pick up a book of Air and begin reading...
 35361 | Orc:2    | You add the spells Shock, Swiftness and Airstrike to your
                  | library.
 35608 | Orc:2    | Noticed Sonja
 35610 | Orc:2    | Killed Sonja
 35611 | Orc:2    | Reached skill level 4 in Conjurations
 36629 | Orc:2    | Reached skill level 4 in Hexes
 36643 | Orc:2    | Killed an orc warlord
 36644 | Orc:2    | Reached skill level 9 in Necromancy
 36644 | Orc:2    | Reached skill level 9 in Earth Magic
 36789 | Orc:2    | Found Erghoruit's General Store.
 36795 | Orc:2    | Bought a scroll of fog for 52 gold pieces
 36795 | Orc:2    | Bought 2 scrolls of teleportation for 78 gold pieces
 37471 | Orc:2    | Reached ****** piety under Kikubaaqudgha
 38591 | Orc:2    | Found Adellaach's Antique Armour Emporium.
 38595 | Orc:2    | Found Cinwaogi's Antique Weapon Shoppe.
 38649 | Orc:1    | Noticed Erolcha
 38915 | Orc:1    | Killed Erolcha
 39252 | Orc:1    | Upgraded the game from 0.32-a0-12-g7fc57aa741 to
                  | 0.32-a0-17-gb74e046682
 39252 | Orc:1    | magus.rc [v1.9.6]
 39708 | Lair:5   | Entered Level 5 of the Lair of Beasts
 40006 | Lair:5   | Reached skill level 9 in Spellcasting
 40358 | Lair:5   | Reached skill level 1 in Fighting
 40734 | Lair:5   | Received a gift from Kikubaaqudgha (forbidden knowledge)
 40787 | Lair:5   | Reached skill level 5 in Hexes
 40909 | Lair:5   | Reached skill level 2 in Fighting
 41550 | Lair:5   | HP: 15/63 [skyshark (7)]
 41552 | Lair:5   | HP: 7/63 [wind drake/the air (11)]
 42597 | Lair:5   | Identified the amulet of the Skies Above {Faith Fly Int+3}
 42660 | Lair:5   | Found a runed translucent door.
 42660 | Lair:5   | Found a shimmering altar of Xom.
 42660 | Lair:5   | Noticed avis's ghost (journeyman FeSh)
 43343 | D:14     | Found Huru's General Store.
 43354 | D:14     | Bought a scroll of fog for 60 gold pieces
 43384 | D:14     | HP: 14/63 [cyclops/large rock (24)]
 43886 | D:14     | Reached skill level 6 in Hexes
 44321 | D:14     | Reached skill level 5 in Conjurations
 44325 | D:14     | Reached skill level 3 in Fighting
 44325 | D:14     | Reached XP level 15. HP: 68/68 MP: 13/29
 45411 | D:15     | Entered Level 15 of the Dungeon
 45577 | D:15     | Found a portal to a secret trove of treasure.
 45887 | D:15     | Reached skill level 10 in Necromancy
 46769 | D:15     | You pick up a book of Cantrips and begin reading...
 46769 | D:15     | You add the spells Sting and Apportation to your library.
 46789 | D:15     | You pick up a book of Transmutation and begin reading...
 46789 | D:15     | You add the spells Sublimation of Blood, Petrify and
                  | Irradiate to your library.
 46825 | D:15     | HP: 14/69 [centaur warrior/arrow (23)]
 46827 | D:15     | Shot with an arrow by a centaur warrior
 46827 | D:15     | Lost a life (1 life remaining)
 46864 | D:15     | HP: 4/70 [centaur warrior/arrow (19)]
 46865 | D:15     | Reached skill level 7 in Evocations
 46867 | D:15     | Demolished by a meliai
 46867 | D:15     | Lost a life (0 lives remaining)
 46878 | D:15     | Reached skill level 4 in Fighting
 46963 | D:15     | Reached skill level 10 in Earth Magic
 47709 | D:15     | Found a staircase to the Depths.
 48289 | D:15     | Found a runed translucent door.
 48415 | D:15     | HP: 15/70 [centaur warrior/arrow (22)]
 48796 | D:15     | Reached skill level 6 in Conjurations
 49041 | D:15     | Identified the +3 mace "Fumeent" {freeze, rPois rN+ Dex+2}
 49308 | D:15     | Reached skill level 10 in Spellcasting
 49632 | D:15     | Noticed a fire giant
 50079 | D:15     | Killed a fire giant
 50677 | D:15     | Learned a level 3 spell: Swiftness
 50754 | D:14     | Bought a sack of spiders for 600 gold pieces
 50806 | D:12     | Noticed Lodul
 50821 | D:12     | Reached skill level 5 in Fighting
 50821 | D:12     | Killed Lodul
 51258 | Spider:1 | Entered Level 1 of the Spider Nest
 51521 | Spider:1 | HP: 17/72 [wolf spider (17)]
 51595 | Spider:1 | HP: 16/72 [tarantella (16)]
 51622 | Spider:1 | HP: 7/72 [demonic crawler (14)]
 51622 | Spider:1 | Slain by a demonic crawler

Vanquished Creatures
  A fire giant (D:15)
  An orc warlord (Orc:2)
  Erolcha (Orc:1)
  2 hydras
  A boulder beetle (D:13)
  A centaur warrior (D:14)
  A two-headed ogre (D:8)
  A demonic crawler (D:13)
  2 skysharks (Lair:5)
  2 pharaoh ants
  An orb spider (Spider:1)
  A harpy (Lair:5)
  An orc knight (Orc:2)
  3 orc sorcerers
  9 ugly things
  A deep elf pyromancer (D:15)
  4 cyclopes
  2 manticores (D:15)
  An elephant (Lair:5)
  A guardian serpent (shapeshifter) (D:14)
  A meliai (D:15)
  2 black mambas (Lair:1)
  3 cane toads
  3 komodo dragons
  A kobold demonologist (D:10)
  3 rime drakes
  2 trolls
  A polar bear (shapeshifter) (D:15)
  3 tarantellas (Spider:1)
  2 blink frogs
  Grinder (D:6)
  4 slime creatures
  2 jumping spiders (Spider:1)
  A centaur simulacrum (D:15)
  A vampire (D:11)
  22 yaks
  A shadow (D:10)
  3 basilisks
  3 water elementals (D:15)
  6 vampire mosquitoes
  A redback (Spider:1)
  2 steam dragons
  An acid dragon (Lair:5)
  8 orc warriors
  6 water moccasins
  A laughing skull (D:15)
  5 ogres (D:12)
  4 wolves
  4 centaurs
  2 bullfrogs
  A wight (D:8)
  A killer bee (D:9)
  2 electric eels (D:15)
  9 orc priests
  13 orc wizards
  A nameless horror (D:10)
  A dart slug (D:1)
  17 orcs
  2 endoplasms
  A hobgoblin (D:1)
  A ball python (D:1)
  2 bats
  A kobold (D:7)
188 creatures vanquished.

Vanquished Creatures (collateral kills)
  2 ettins (Orc:2)
  A fire dragon (D:11)
  A yaktaur captain (D:11)
  A vault guard (D:13)
  A rakshasa (D:15)
  A catoblepas (D:13)
  A merfolk avatar (Lair:5)
  3 hydras
  2 centaur warriors
  3 two-headed ogres
  A dancing weapon (D:13)
  4 boulder beetles
  2 demonic crawlers (D:13)
  Sonja (Orc:2)
  A skyshark (Lair:5)
  A fire crab (D:15)
  Lodul (D:12)
  An arcanist (D:14)
  An orc knight (D:15)
  A deep elf pyromancer (D:13)
  A flayed ghost (D:11)
  A necromancer (D:15)
  2 deep elf zephyrmancers
  A wolf spider zombie (D:15)
  4 orc sorcerers
  6 cyclopes
  2 manticores
  7 ugly things
  3 elephants
  A black mamba (Lair:2)
  3 meliai (D:14)
  A centaur skeleton (D:15)
  3 gargoyles
  6 cane toads
  5 rime drakes
  2 kobold demonologists
  2 komodo dragons (Lair:2)
  A yaktaur (D:15)
  2 tengu conjurers (D:15)
  A polar bear (Lair:4)
  4 trolls
  Prince Ribbit (D:8)
  2 hornets
  2 wind drakes (Lair:5)
  3 tarantellas
  18 blink frogs
  A snapping turtle (Lair:5)
  5 slime creatures
  A shadow (D:9)
  A water elemental (D:15)
  5 wyverns
  2 culicivoras
  33 yaks
  A wraith (D:11)
  4 basilisks
  2 steam dragons
  3 wargs
  2 redbacks
  2 acid dragons
  3 vampire mosquitoes
  12 water moccasins
  2 sky beasts
  A meliai simulacrum (D:15)
  2 ice beasts (D:5)
  34 orc warriors
  6 black bears
  A laughing skull (D:15)
  13 wolves
  7 ogres
  10 centaurs
  4 kobold brigands
  7 bullfrogs
  3 scorpions
  A two-headed ogre simulacrum (D:11)
  8 wights (D:8)
  Dowan (D:5)
  11 killer bees
  8 howler monkeys
  An electric eel (D:9)
  2 bombardier beetles
  3 hounds
  11 orc priests
  11 jellies
  3 sleepcaps
  6 iguanas
  Ijyb (D:3)
  16 orc wizards
  5 hell rats (Lair:4)
  3 troll simulacra (D:11)
  A spriggan simulacrum (D:11)
  A gnoll (D:5)
  3 adders
  A shadow imp (D:7)
  4 dart slugs
  66 orcs
  10 ball pythons
  7 endoplasms
  5 giant cockroaches
  7 goblins
  4 hobgoblins
  6 jackals
  6 quokkas
  A frilled lizard (D:1)
  17 kobolds
  2 rats (D:2)
513 creatures vanquished.

Vanquished Creatures (others)
  A centaur warrior (D:15)
  An orb spider (Spider:1)
  2 meliai (D:15)
  A rime drake (Lair:2)
  2 redbacks (Spider:1)
  A centaur (D:15)
  A bullfrog (Lair:2)
  An orc wizard (Orc:1)
  47 blazeheart cores
57 creatures vanquished.

Grand Total: 758 creatures vanquished

Table legend:
 A = Non-vault XP
 B = Vault XP
 C = Vault XP percentage of total XP
 D = Non-vault monster count
 E = Vault monster count
 F = Vault count percentage of total count
                 A         B        C        D         E       F
            +---------+---------+-------+---------+---------+-------
      Total |   83446 |   53695 |  39.2 |     475 |     229 |  32.5
            +---------+---------+-------+---------+---------+-------
        D:1 |      16 |       4 |  20.0 |       9 |       1 |  10.0
        D:2 |      50 |      22 |  30.6 |      20 |       6 |  23.1
        D:3 |      77 |      35 |  31.2 |      18 |       1 |   5.3
        D:4 |     258 |       0 |   0.0 |      14 |       0 |   0.0
        D:5 |     324 |     257 |  44.2 |       7 |       5 |  41.7
        D:6 |     667 |     262 |  28.2 |      11 |       1 |   8.3
        D:7 |     508 |       0 |   0.0 |      14 |       0 |   0.0
        D:8 |    2201 |    1508 |  40.7 |      27 |       7 |  20.6
        D:9 |    3060 |       0 |   0.0 |      13 |       0 |   0.0
       D:10 |    3641 |       0 |   0.0 |      34 |       0 |   0.0
       D:11 |    4434 |    8368 |  65.4 |      19 |      31 |  62.0
       D:12 |    6056 |    1825 |  23.2 |      20 |      10 |  33.3
       D:13 |    2197 |    6100 |  73.5 |       4 |       9 |  69.2
       D:14 |   10060 |    1723 |  14.6 |      28 |       3 |   9.7
       D:15 |   11646 |   10373 |  47.1 |      36 |      20 |  35.7
     Lair:1 |    5457 |    1172 |  17.7 |      20 |       7 |  25.9
     Lair:2 |    4170 |    1848 |  30.7 |      23 |       5 |  17.9
     Lair:3 |    6424 |    1005 |  13.5 |      22 |       6 |  21.4
     Lair:4 |    6534 |    1636 |  20.0 |      30 |      21 |  41.2
     Lair:5 |    6762 |    8260 |  55.0 |      27 |      22 |  44.9
   Spider:1 |    3699 |       0 |   0.0 |      11 |       0 |   0.0
      Orc:1 |     975 |     851 |  46.6 |      23 |       1 |   4.2
      Orc:2 |    4230 |    8446 |  66.6 |      45 |      73 |  61.9
            +---------+---------+-------+---------+---------+-------

Skill      XL: |  1  2  3  4  5  6  7  8  9 10 11 12 13 14 15 |
---------------+----------------------------------------------+-----
Summonings     | 5 6 7 8 9 10 11 12 13 | 13.5
Dodging        | 3 4 5 6 |  6.0
Stealth        | 3 4 5 6 |  6.0
Spellcasting   | 3 4 5 6 7 8 9 10 | 10.2
Fire Magic     | 1 2 4 6 |  6.3
Air Magic      | 3 5 6 8 9 |  9.4
Necromancy     | 4 7 8 9 10 | 10.7
Evocations     | 4 6 7 |  7.0
Earth Magic    | 3 8 9 10 | 10.4
Conjurations   | 2 5 6 |  6.0
Hexes          | 6 |  6.0
Fighting       | 3 5 |  5.3

Action                     |  1- 3 |  4- 6 |  7- 9 | 10-12 | 13-15 || total
---------------------------+-------+-------+-------+-------+-------++-------
  Melee: Unarmed           |    17 |     3 |    28 |    43 |    85 ||   176
         Bite              |       |     1 |     5 |     7 |    18 ||    31
         Punch             |       |       |       |     1 |     1 ||     2
   Cast: Summon Small Mamm |    93 |    59 |    56 |     5 |     4 ||   217
         Call Imp          |     4 |    10 |    29 |     8 |     2 ||    53
         Call Canine Famil |       |    14 |    42 |    78 |   114 ||   248
         Summon Blazeheart |       |       |     4 |    54 |    42 ||   100
         Summon Lightning  |       |       |     2 |    42 |   189 ||   233
         Vampiric Draining |       |       |       |    10 |    29 ||    39
         Borgnjor's Vile C |       |       |       |       |   124 ||   124
         Stone Arrow       |       |       |       |       |   105 ||   105
         Anguish           |       |       |       |       |     7 ||     7
 Invoke: Torment           |       |       |       |       |     3 ||     3
         Receive Forbidden |       |       |       |       |     1 ||     1
         Unearth Wretches  |       |       |       |       |     1 ||     1
  Evoke: Lightning rod     |       |       |     6 |    14 |    24 ||    44
         Wand              |       |       |     4 |    21 |    22 ||    47
    Use: Scroll            |     5 |     4 |     4 |     9 |    19 ||    41
         Potion            |       |     2 |     1 |     1 |    12 ||    16
   Stab: Distracted        |     1 |       |     1 |     3 |     2 ||     7
         Sleeping          |       |     1 |       |       |       ||     1
 Armour: Skin              |     6 |     7 |    21 |    59 |   193 ||   286
  Dodge: Dodged            |    28 |    21 |    36 |   123 |   247 ||   455
  Block: Other             |       |       |     5 |    31 |    57 ||    93
         Reflection        |       |       |       |       |    17 ||    17

Illustrated notes

Table legend:
 A = Kills in this place as a percentage of kills in the entire game.
 B = Kills by you in this place as a percentage of kills by you in the entire game.
 C = Kills by friends in this place as a percentage of kills by friends in the entire game.
 D = Other kills in this place as a percentage of other kills in the entire game.
 E = Experience gained in this place as a percentage of experience gained in the entire game.
 F = Experience gained in this place divided by the number of levels of this place that you have seen.
                   A       B       C       D       E      F
               +-------+-------+-------+-------+-------+----------------------
         Total | 100.0 | 100.0 | 100.0 | 100.0 | 100.0 | 5962.7
       Dungeon |  52.3 |  46.5 |  54.2 |  75.0 |  55.2 | 5044.8
          Lair |  26.0 |  26.7 |  25.9 |   0.0 |  31.6 | 8653.6
   Spider Nest |   1.6 |   4.3 |   0.6 |   0.0 |   2.7 | 3699.0
  Orcish Mines |  20.2 |  22.5 |  19.3 |  25.0 |  10.6 | 7251.0
               +-------+-------+-------+-------+-------+----------------------

Table legend: (Time is in decaauts)
 A = Elapsed time spent in this place.
 B = Non-inter-level travel time spent in this place.
 C = Inter-level travel time spent in this place.
 D = Time resting spent in this place.
 E = Time spent auto-exploring this place.
 F = Levels seen in this place.
 G = Mean time per level.
                   A        B        C        D        E       F      G
               +--------+--------+--------+--------+--------+-----+--------+
         Total |  51692 |  49994 |   1698 |  27059 |  12332 |  23 | 2247.5 |
       Dungeon |  32637 |  31529 |   1108 |  15736 |   8718 |  15 | 2175.8 |
          Lair |  12210 |  11695 |    515 |   6719 |   2600 |   5 | 2442.0 |
   Spider Nest |    363 |    363 |      0 |    280 |      0 |   1 |  363.0 |
  Orcish Mines |   6481 |   6408 |     73 |   4324 |   1014 |   2 | 3240.5 |
               +--------+--------+--------+--------+--------+-----+--------+

Top non-repeatable levels by time:
   Orc:2: 5603 daAuts
    D:15: 4949 daAuts
    D:10: 3426 daAuts
  Lair:5: 3388 daAuts
     D:8: 2972 daAuts
    D:13: 2781 daAuts
    D:14: 2511 daAuts
  Lair:4: 2358 daAuts
    D:11: 2292 daAuts
  Lair:3: 2266 daAuts
  Lair:2: 2199 daAuts
     D:5: 2039 daAuts
  Lair:1: 1997 daAuts
    D:12: 1834 daAuts
     D:9: 1804 daAuts
